AoeStats
← schmeno

Arena

511106047Analyzed
3v3 RM · 10d ago on Oct 3, 2026· 78m 6s· 6 players
Game mode
Random Map
Map size
Normal (6 player)
Population
200
Speed
Normal
Resources
Standard
Victory
Conquest
Starting age
Dark Age
Ending age
Imperial Age
RankedLock teamsTeams togetherTeam positionsShared explorationLock speedFull tech treeHidden civsTurbo modeCheats
Victory
Defeat
🇸🇪 Britons · Sweden
1163
+15
🇬🇧 Saxons · United Kingdom
1140
+16
🇺🇸 Persians · United States
1103
+17
vs
🇺🇸 Danes · United States
1287
-23
🇺🇸 Saxons · United States
1145
-16
🇺🇸 Varangians · United States
964
-9
Deputy Dong
10:24 Feudal Age
11:40 Double-Bit Axe
14:31 Castle Age
12:31 Loom
12:33 Horse Collar
17:02 Wheelbarrow
17:35 Bow Saw
18:38 Loom
21:28 Ballistics
27:34 Imperial Age
25:59 Fletching
28:59 Hand Cart
29:47 Siege Engineers
31:16 Forging
31:06 Scale Mail Armor
30:51 Heavy Scorpion
32:57 Chemistry
32:46 Conscription
34:42 Bodkin Arrow
35:03 Chain Mail Armor
35:23 Iron Casting
36:58 Plate Mail Armor
36:28 Bracer
36:45 Masonry
39:20 Blast Furnace
37:45 Elite Jomsviking
40:24 Padded Archer Armor
45:38 Murder Holes
47:01 Hamask
48:12 Squires
47:57 Arson
50:23 Man-at-Arms
50:48 Gambesons
51:19 Long Swordsman
53:00 Two-Handed Swordsman
54:12 Champion
56:32 Leather Archer Armor
58:30 Elite Skirmisher
59:16 Thumb Ring
61:52 Ring Archer Armor
75:42 Caravan
Big League Chewie
11:22 Feudal Age
14:03 Wheelbarrow
17:12 Arson
18:40 Forging
18:31 Scale Mail Armor
18:45 Double-Bit Axe
24:36 Castle Age
26:56 Squires
37:43 Horse Collar
39:35 Chain Mail Armor
41:39 Husbandry
43:55 Vendel Legacy
44:49 Scale Barding Armor
44:55 Gold Mining
53:12 Imperial Age
53:38 Imperial Age
52:45 Chain Barding Armor
57:24 Imperial Age
55:40 Iron Casting
60:42 Cavalier
63:19 Bloodlines
74:37 Elite Jarl
76:55 Plate Barding Armor
schmeno
10:12 Feudal Age
14:02 Castle Age
11:58 Double-Bit Axe
12:59 Horse Collar
15:23 Bow Saw
17:31 Loom
18:18 Gold Mining
18:59 Stone Mining
20:43 Sanctity
22:14 Wheelbarrow
27:15 Imperial Age
24:50 Town Watch
25:10 Guard Tower
25:31 Fletching
26:40 Ballistics
26:41 Bodkin Arrow
28:01 Bracer
29:05 Chemistry
28:41 Illumination
28:35 Block Printing
28:46 Illumination
29:07 Hand Cart
30:33 Theocracy
30:09 Redemption
30:00 Arrowslits
29:49 Clerical Recruitment
31:18 Gold Shaft Mining
30:57 Atonement
31:03 Arrowslits
33:35 Keep
35:30 Scale Mail Armor
36:52 Elite Hearth Troop
37:53 Chain Mail Armor
39:15 Plate Mail Armor
40:52 Forging
43:00 Iron Casting
44:58 Shield Wall
45:45 Squires
46:50 Capped Ram
48:54 Siege Ram
55:01 Light Cavalry
55:51 Bloodlines
62:17 Hussar
63:54 Scale Barding Armor
65:04 Chain Barding Armor
65:50 Husbandry
Hav1k
0:34 Loom
11:45 Feudal Age
12:46 Double-Bit Axe
12:43 Horse Collar
17:23 Castle Age
15:38 Stone Mining
16:13 Gold Mining
18:26 Bow Saw
18:28 Heavy Plow
21:29 Stone Shaft Mining
25:05 Wheelbarrow
27:53 Hand Cart
29:29 Gold Shaft Mining
33:28 Imperial Age
31:31 Forging
31:56 Scale Barding Armor
33:18 Elite War Elephant
34:35 Iron Casting
34:20 Chain Barding Armor
33:52 Crossbowman
34:38 Thumb Ring
34:24 Town Watch
35:03 Town Patrol
34:51 Sappers
35:32 Citadels
35:25 Kamandaran
36:49 Blast Furnace
36:45 Fletching
36:57 Padded Archer Armor
37:34 Plate Barding Armor
38:23 Leather Archer Armor
38:05 Bodkin Arrow
40:44 Ring Archer Armor
43:25 Two-Man Saw
69:06 Chemistry
73:06 Pikeman
73:50 Scale Mail Armor
74:12 Halberdier
75:33 Squires
75:52 Chain Mail Armor
77:20 Plate Mail Armor
AncientLyre
10:34 Feudal Age
12:00 Double-Bit Axe
14:31 Castle Age
13:00 Gold Mining
12:56 Horse Collar
13:21 Stone Mining
16:39 Loom
19:25 Fletching
22:40 Forging
24:35 Bow Saw
33:46 Imperial Age
33:36 Heavy Plow
34:20 Scale Mail Armor
37:58 Two-Man Saw
38:27 Squires
38:13 Gambesons
38:15 Arson
39:57 Wheelbarrow
40:01 Iron Casting
39:42 Chain Mail Armor
41:39 Gold Shaft Mining
40:35 Elite Varangian Guard
42:30 Conscription
41:41 Shield Wall
44:24 Plate Mail Armor
44:41 Bodkin Arrow
44:47 Padded Archer Armor
45:41 Capped Ram
46:38 Siege Ram
69:39 Bloodlines
68:49 Light Cavalry
70:21 Scale Barding Armor
70:05 Hussar
71:41 Chain Barding Armor
72:28 Crop Rotation
77:51 Caravan
Superhoops
4:22 Loom
11:19 Feudal Age
15:48 Castle Age
13:48 Horse Collar
13:58 Double-Bit Axe
17:04 Bow Saw
17:22 Heavy Plow
19:23 Fletching
21:02 Padded Archer Armor
21:35 Ballistics
23:16 Bodkin Arrow
23:49 Gold Mining
23:54 Stone Mining
24:59 Wheelbarrow
26:15 Leather Archer Armor
28:16 Hand Cart
30:21 Yeomen
33:58 Imperial Age
35:46 Chemistry
34:50 Bracer
35:24 Ring Archer Armor
36:47 Elite Longbowman
38:23 Gold Shaft Mining
Connection lost

Rejoining the realm…

Still unreachable

The connection could not be restored.

Session expired

The server has moved on; the page needs a fresh start.